3A
GRAND FORKS CATERPILLARS @ BELLEVUE BRUINS
09/01/2023
 
TOP OF THE 1ST
Grand Forks Caterpillars batting - Pitching for Bellevue Bruins : LHP Rafael Rivera
Pitching: LHP Rafael Rivera
Batting: LHB Damian Delaney 0-0: Ball
1-0: Ball
2-0: Ball
3-0: Base on Balls
Batting: RHB Salvador Esparza 0-0: SINGLE (Line Drive, 34D)
Damian Delaney to second
Batting: RHB Joseph Papasogli 0-0: Ball
1-0: Called Strike
1-1: Swinging Strike
1-2: Foul Ball, location: 2F
1-2: Strikes out looking
Batting: LHB Ricardo Collazo 0-0: Foul Ball, location: 2F
0-1: Swinging Strike
0-2: Ball
1-2: Fly out, F6 (Popup, 6)
Batting: LHB Javier Antonio 0-0: Called Strike
0-1: Swinging Strike
0-2: Strikes out swinging
Top of the 1st over - 0 run(s), 1 hit(s), 0 error(s), 2 left on base; Grand Forks 0 - Bellevue 0
BOTTOM OF THE 1ST
Bellevue Bruins batting - Pitching for Grand Forks Caterpillars : RHP Francisco Sandoval
Pitching: RHP Francisco Sandoval
Batting: RHB Luis Ríos 0-0: Swinging Strike
0-1: Ground out 6-3 (Groundball, 6)
Batting: RHB Nelson Abbey 0-0: Ball
1-0: Called Strike
1-1: SINGLE (Line Drive, 56)
Batting: RHB Leo Shoemaker 0-0: Ball
Nelson Abbey steals 2nd base
1-0: Foul Ball, location: 2F
1-1: Ball
2-1: Called Strike
Nelson Abbey steals 3rd base
2-2: Ball
3-2: SINGLE (Flyball, 6MD)
Nelson Abbey scores
Batting: RHB Jesús Vargas 0-0: Ball
1-0: Foul Ball, location: 2F
1-1: TRIPLE (Flyball, 78M)
Leo Shoemaker scores
Batting: SHB Jesús Rodríguez 0-0: Ball
1-0: Ball
2-0: Ball
3-0: Base on Balls
Batting: RHB Nick Hoskins 0-0: Foul Ball, location: 2F
0-1: Called Strike
0-2: Ball
1-2: Foul Ball, location: 2F
1-2: Fly out, F9 (Line Drive, 9M)
Runner from 3rd tags up, SCORES, no throw
Batting: RHB Luis Rodríguez 0-0: Ground out 5-3 (Groundball, 5L)
Bottom of the 1st over - 3 run(s), 3 hit(s), 0 error(s), 1 left on base; Grand Forks 0 - Bellevue 3
TOP OF THE 2ND
Grand Forks Caterpillars batting - Pitching for Bellevue Bruins : LHP Rafael Rivera
Batting: LHB Víctor Fortis 0-0: Swinging Strike
0-1: Ball
1-1: Foul Ball, location: 2F
1-2: Strikes out looking
Batting: RHB Carlos Trujillo 0-0: Ball
1-0: Ball
2-0: Ball
3-0: Called Strike
3-1: Foul Ball, location: 2F
3-2: Base on Balls
Batting: RHB Lúcio Marín 0-0: Ball
1-0: Called Strike
1-1: Swinging Strike
1-2: Grounds into double play, 1-4-3 (Groundball, 15)
Top of the 2nd over - 0 run(s), 0 hit(s), 0 error(s), 0 left on base; Grand Forks 0 - Bellevue 3
BOTTOM OF THE 2ND
Bellevue Bruins batting - Pitching for Grand Forks Caterpillars : RHP Francisco Sandoval
Batting: LHB Orlando López 0-0: Called Strike
0-1: Ball
1-1: Called Strike
1-2: Ball
2-2: Strikes out swinging
Batting: SHB Jim Unknown 0-0: Ball
1-0: Swinging Strike
1-1: SINGLE (Line Drive, 34)
Batting: RHB Luis Ríos 0-0: Called Strike
0-1: DOUBLE (Flyball, 89M)
Jim Unknown to third
Batting: RHB Nelson Abbey 0-0: Ball
1-0: Ball
2-0: Ball
3-0: Base on Balls
Batting: RHB Leo Shoemaker 0-0: Ball
1-0: Ball
2-0: Ball
3-0: Called Strike
3-1: Foul Ball, location: 2F
3-2: Base on Balls
Jim Unknown scores
Luis Ríos to third
Nelson Abbey to second
Batting: RHB Jesús Vargas 0-0: Ball
1-0: Foul Ball, location: 2F
1-1: DOUBLE (Flyball, 8LM)
Luis Ríos scores
Nelson Abbey scores
Leo Shoemaker to third
Batting: SHB Jesús Rodríguez 0-0: Ball
1-0: SINGLE (Flyball, 8LS)
Leo Shoemaker scores
Jesús Vargas to third
Batting: RHB Nick Hoskins 0-0: Foul Ball, location: 2F
0-1: Fielders Choice at 2nd, 4-6 (Groundball, 4)
Jesús Vargas scores
Pitching: RHP Shawn Hensley
Batting: RHB Luis Rodríguez 0-0: Ball
1-0: Called Strike
1-1: SINGLE (Line Drive, 34D)
Nick Hoskins to second
Batting: LHB Orlando López 0-0: Ground out 1-3 (Groundball, 13S)
Bottom of the 2nd over - 5 run(s), 5 hit(s), 0 error(s), 2 left on base; Grand Forks 0 - Bellevue 8
TOP OF THE 3RD
Grand Forks Caterpillars batting - Pitching for Bellevue Bruins : LHP Rafael Rivera
Batting: RHB Warner Lewis 0-0: Ball
1-0: Ball
2-0: Foul Ball, location: 2F
2-1: Ball
3-1: Called Strike
3-2: Foul Ball, location: 2F
3-2: SINGLE (Line Drive, 56D)
Batting: LHB Damian Delaney 0-0: Called Strike
0-1: Ball
1-1: Swinging Strike
1-2: Strikes out swinging
Batting: RHB Salvador Esparza 0-0: Grounds into double play, 6-4-3 (Groundball, 6)
Top of the 3rd over - 0 run(s), 1 hit(s), 0 error(s), 0 left on base; Grand Forks 0 - Bellevue 8
BOTTOM OF THE 3RD
Bellevue Bruins batting - Pitching for Grand Forks Caterpillars : RHP Shawn Hensley
Batting: SHB Jim Unknown 0-0: Foul Ball, location: 2F
0-1: Ball
1-1: Ball
2-1: Foul Ball, location: 2F
2-2: Foul Ball, location: 2F
2-2: Foul Ball, location: 2F
2-2: Foul Ball, location: 2F
2-2: Ball
3-2: Foul Ball, location: 2F
3-2: Base on Balls
Batting: RHB Luis Ríos 0-0: Called Strike
0-1: SINGLE (Line Drive, 56D)
Jim Unknown to second
Batting: RHB Nelson Abbey 0-0: SINGLE (Groundball, 15) (infield hit)
Jim Unknown to third
Luis Ríos to second
Batting: RHB Leo Shoemaker 0-0: Ball
1-0: Ball
2-0: Called Strike
2-1: Ball
3-1: Base on Balls
Jim Unknown scores
Luis Ríos to third
Nelson Abbey to second
Batting: RHB Jesús Vargas 0-0: Ball
1-0: Called Strike
1-1: Fly out, F8 (Flyball, 8LXD)
Runner from 3rd tags up, SCORES, no throw
Nelson Abbey to third
Batting: SHB Jesús Rodríguez 0-0: Ball
1-0: Ball
2-0: Foul Ball, location: 2F
2-1: Ball
3-1: Foul Ball, location: 2F
3-2: Foul Ball, location: 2F
3-2: Fly out, F5 (Popup, 5F)
Batting: RHB Nick Hoskins 0-0: Ball
1-0: Called Strike
1-1: Foul Ball, location: 2F
1-2: Ball
2-2: Fly out, F7 (Flyball, 78M)
Bottom of the 3rd over - 2 run(s), 2 hit(s), 0 error(s), 2 left on base; Grand Forks 0 - Bellevue 10
TOP OF THE 4TH
Grand Forks Caterpillars batting - Pitching for Bellevue Bruins : LHP Rafael Rivera
Batting: RHB Joseph Papasogli 0-0: Called Strike
0-1: Foul Ball, location: 2F
0-2: Ball
1-2: Ball
2-2: Fly out, F9 (Flyball, 9LM)
Batting: LHB Ricardo Collazo 0-0: Foul Ball, location: 2F
0-1: Ball
1-1: DOUBLE (Line Drive, 8RS)
Batting: LHB Javier Antonio 0-0: Ground out 4-3 (Groundball, 4)
Ricardo Collazo to third
Batting: LHB Víctor Fortis 0-0: Called Strike
0-1: Foul Ball, location: 2F
0-2: Foul Ball, location: 2F
0-2: Strikes out swinging
Top of the 4th over - 0 run(s), 1 hit(s), 0 error(s), 1 left on base; Grand Forks 0 - Bellevue 10
BOTTOM OF THE 4TH
Bellevue Bruins batting - Pitching for Grand Forks Caterpillars : RHP Shawn Hensley
Batting: RHB Luis Rodríguez 0-0: Fly out, F7 (Flyball, 78XD)
Batting: LHB Orlando López 0-0: Ball
1-0: Ground out 5-3 (Groundball, 56)
Batting: SHB Jim Unknown 0-0: Foul Ball, location: 2F
0-1: Ball
1-1: Ball
2-1: Foul Ball, location: 2F
2-2: Ball
3-2: Base on Balls
Pitching: RHP Wyatt Meek
Batting: RHB Luis Ríos 0-0: Ball
1-0: Ground out 6-3 (Groundball, 6D)
Bottom of the 4th over - 0 run(s), 0 hit(s), 0 error(s), 1 left on base; Grand Forks 0 - Bellevue 10
TOP OF THE 5TH
Grand Forks Caterpillars batting - Pitching for Bellevue Bruins : LHP Rafael Rivera
Batting: RHB Carlos Trujillo 0-0: Ball
1-0: Ground out U3 (Groundball, 3L)
Batting: RHB Lúcio Marín 0-0: Fly out, F9 (Flyball, 89M)
Batting: RHB Warner Lewis 0-0: Swinging Strike
0-1: Fly out, F8 (Line Drive, 8RS)
Top of the 5th over - 0 run(s), 0 hit(s), 0 error(s), 0 left on base; Grand Forks 0 - Bellevue 10
BOTTOM OF THE 5TH
Bellevue Bruins batting - Pitching for Grand Forks Caterpillars : RHP Wyatt Meek
Batting: RHB Nelson Abbey 0-0: Foul Ball, location: 2F
0-1: Foul Ball, location: 2F
0-2: Ball
1-2: Fly out, F8 (Flyball, 8LM)
Batting: RHB Leo Shoemaker 0-0: Called Strike
0-1: Ball
1-1: Ball
2-1: Foul Ball, location: 2F
2-2: Strikes out swinging
Batting: RHB Jesús Vargas 0-0: Swinging Strike
0-1: Foul Ball, location: 2F
0-2: Foul Ball, location: 2F
0-2: Ground out 6-3 (Groundball, 6)
Bottom of the 5th over - 0 run(s), 0 hit(s), 0 error(s), 0 left on base; Grand Forks 0 - Bellevue 10
TOP OF THE 6TH
Grand Forks Caterpillars batting - Pitching for Bellevue Bruins : LHP Rafael Rivera
Batting: LHB Damian Delaney 0-0: Ball
1-0: Called Strike
1-1: Called Strike
1-2: Strikes out swinging
Batting: RHB Salvador Esparza 0-0: Ball
1-0: Ball
2-0: Foul Ball, location: 2F
2-1: Ground out 5-3 (Groundball, 56)
Batting: RHB Joseph Papasogli 0-0: Called Strike
0-1: Called Strike
0-2: Fly out, F7 (Line Drive, 7M)
Top of the 6th over - 0 run(s), 0 hit(s), 0 error(s), 0 left on base; Grand Forks 0 - Bellevue 10
BOTTOM OF THE 6TH
Bellevue Bruins batting - Pitching for Grand Forks Caterpillars : RHP Wyatt Meek
Batting: SHB Jesús Rodríguez 0-0: Ball
1-0: Ground out 6-3 (Groundball, 6M)
Batting: RHB Nick Hoskins 0-0: Fly out, F4 (Line Drive, 4)
Batting: RHB Luis Rodríguez 0-0: Called Strike
0-1: Ball
1-1: Ball
2-1: Called Strike
2-2: Ball
3-2: Strikes out swinging
Bottom of the 6th over - 0 run(s), 0 hit(s), 0 error(s), 0 left on base; Grand Forks 0 - Bellevue 10
TOP OF THE 7TH
Grand Forks Caterpillars batting - Pitching for Bellevue Bruins : LHP Rafael Rivera
Batting: LHB Ricardo Collazo 0-0: Ball
1-0: Foul Ball, location: 2F
1-1: Called Strike
1-2: Ball
2-2: Foul Ball, location: 2F
2-2: Foul Ball, location: 2F
2-2: Ball
3-2: Foul Ball, location: 2F
3-2: Fly out, F9 (Line Drive, 9M)
Batting: LHB Javier Antonio 0-0: Ball
1-0: Ground out 4-3 (Groundball, 4M)
Batting: LHB Víctor Fortis 0-0: Ball
1-0: Ball
2-0: Foul Ball, location: 2F
2-1: Swinging Strike
2-2: Strikes out swinging
Top of the 7th over - 0 run(s), 0 hit(s), 0 error(s), 0 left on base; Grand Forks 0 - Bellevue 10
BOTTOM OF THE 7TH
Bellevue Bruins batting - Pitching for Grand Forks Caterpillars : RHP Wyatt Meek
Batting: LHB Orlando López 0-0: Foul Ball, location: 2F
0-1: Ground out 4-3 (Groundball, 4)
Batting: SHB Jim Unknown 0-0: Ball
1-0: Ball
2-0: Fly out, F7 (Flyball, 7LD)
Batting: RHB Luis Ríos 0-0: SINGLE (Line Drive, 78M)
Batting: RHB Nelson Abbey 0-0: Ball
1-0: SINGLE (Flyball, 78S)
Luis Ríos to second
Batting: RHB Leo Shoemaker 0-0: Ball
1-0: Ball
2-0: Fly out, F7 (Flyball, 78D)
Bottom of the 7th over - 0 run(s), 2 hit(s), 0 error(s), 2 left on base; Grand Forks 0 - Bellevue 10
TOP OF THE 8TH
Grand Forks Caterpillars batting - Pitching for Bellevue Bruins : LHP Rafael Rivera
Now in RF: Edgar González
Batting: RHB Carlos Trujillo 0-0: Foul Ball, location: 2F
0-1: Called Strike
0-2: Ground out 6-3 (Groundball, 6)
Batting: RHB Lúcio Marín 0-0: Fly out, F8 (Flyball, 8LM)
Batting: RHB Warner Lewis 0-0: Foul Ball, location: 2F
0-1: Ball
1-1: Ground out 4-3 (Groundball, 4M)
Top of the 8th over - 0 run(s), 0 hit(s), 0 error(s), 0 left on base; Grand Forks 0 - Bellevue 10
BOTTOM OF THE 8TH
Bellevue Bruins batting - Pitching for Grand Forks Caterpillars : RHP Wyatt Meek
Pinch Hitting: RHB Jim Unknown 0-0: Swinging Strike
0-1: Foul Ball, location: 2F
0-2: Fly out, F3 (Popup, 3SF)
Pinch Hitting: SHB Ernesto Valenzuela 0-0: Swinging Strike
0-1: SINGLE (Groundball, 34D)
Batting: RHB Nick Hoskins 0-0: Ball
1-0: Ball
2-0: Fly out, F8 (Flyball, 78D)
Pinch Hitting: RHB Mark Bishop 0-0: Ball
1-0: Ball
2-0: Called Strike
2-1: Ball
3-1: Called Strike
3-2: SINGLE (Line Drive, 4MD)
Ernesto Valenzuela to second
Ernesto Valenzuela to third
Batting: LHB Orlando López 0-0: Fielders Choice at 2nd, U6 (Groundball, 6M)
Bottom of the 8th over - 0 run(s), 2 hit(s), 0 error(s), 2 left on base; Grand Forks 0 - Bellevue 10
TOP OF THE 9TH
Grand Forks Caterpillars batting - Pitching for Bellevue Bruins : LHP Rafael Rivera
Now at 1B: Ernesto Valenzuela
Now at 3B: Mark Bishop
Now in RF: Jim Unknown
Batting: LHB Damian Delaney 0-0: Called Strike
0-1: Ball
1-1: Swinging Strike
1-2: Foul Ball, location: 2F
1-2: Ball
2-2: Strikes out looking
Pinch Hitting: LHB Júlio Castro 0-0: Ball
1-0: Foul Ball, location: 2F
1-1: Ball
2-1: Foul Ball, location: 2F
2-2: TRIPLE (Flyball, 78XD)
Batting: RHB Joseph Papasogli 0-0: Called Strike
0-1: Ball
1-1: Called Strike
1-2: Fly out, F7 (Flyball, 78S)
Pitching: RHP Omar Casteneda
Batting: LHB Ricardo Collazo 0-0: Fly out, F9 (Flyball, 89M)
Top of the 9th over - 0 run(s), 1 hit(s), 0 error(s), 1 left on base; Grand Forks 0 - Bellevue 10
This league is powered by Out of the Park Baseball, the baseball management simulation game for PC, Mac and Linux
Friday, July 8th, 2016 - OOTP Baseball 16.9 Build 39